%YAML 1.1
%TAG !u! tag:unity3d.com,2011:
--- !u!1 &8983607483994736074
GameObject:
  m_ObjectHideFlags: 0
  m_CorrespondingSourceObject: {fileID: 0}
  m_PrefabInstance: {fileID: 0}
  m_PrefabAsset: {fileID: 0}
  serializedVersion: 6
  m_Component:
  - component: {fileID: 393203199571327144}
  - component: {fileID: 8468368049592811020}
  m_Layer: 0
  m_Name: DebugPanels
  m_TagString: Untagged
  m_Icon: {fileID: 0}
  m_NavMeshLayer: 0
  m_StaticEditorFlags: 0
  m_IsActive: 1
--- !u!4 &393203199571327144
Transform:
  m_ObjectHideFlags: 0
  m_CorrespondingSourceObject: {fileID: 0}
  m_PrefabInstance: {fileID: 0}
  m_PrefabAsset: {fileID: 0}
  m_GameObject: {fileID: 8983607483994736074}
  m_LocalRotation: {x: 0, y: 0, z: 0, w: 1}
  m_LocalPosition: {x: 0, y: 0, z: 0}
  m_LocalScale: {x: 1, y: 1, z: 1}
  m_ConstrainProportionsScale: 0
  m_Children:
  - {fileID: 5366465410758917564}
  - {fileID: 1316133623975654527}
  - {fileID: 3367149484716784431}
  - {fileID: 2442361971627801906}
  - {fileID: 3769920107751523390}
  - {fileID: 7552644673044099492}
  - {fileID: 4357011157152120356}
  - {fileID: 8868658541034396164}
  - {fileID: 7798147366653930805}
  m_Father: {fileID: 0}
  m_RootOrder: 0
  m_LocalEulerAnglesHint: {x: 0, y: 0, z: 0}
--- !u!114 &8468368049592811020
MonoBehaviour:
  m_ObjectHideFlags: 0
  m_CorrespondingSourceObject: {fileID: 0}
  m_PrefabInstance: {fileID: 0}
  m_PrefabAsset: {fileID: 0}
  m_GameObject: {fileID: 8983607483994736074}
  m_Enabled: 1
  m_EditorHideFlags: 0
  m_Script: {fileID: 11500000, guid: 9b09e936fef1a8a459a57b784dc90609, type: 3}
  m_Name: 
  m_EditorClassIdentifier: 
  m_bike: {fileID: 0}
  "m_\u901F\u5EA6": {fileID: 5366465411188087688}
  "m_\u4F53\u306E\u50BE\u304D\u306E\u5F37\u3055": {fileID: 1316133623219999307}
  "m_\u30A2\u30AF\u30BB\u30EB\u306E\u5F37\u3055": {fileID: 7552644674821281680}
  "m_\u30CF\u30F3\u30C9\u30D6\u30EC\u30FC\u30AD\u306E\u5F37\u3055": {fileID: 8868658539521588272}
  "m_\u30AF\u30E9\u30C3\u30C1\u306E\u5F37\u3055": {fileID: 3769920108334162442}
  m_motorTorque: {fileID: 4357011157925156880}
  m_brakeTorque: {fileID: 7798147366954191617}
  m_steerAngle: {fileID: 3367149483955789083}
--- !u!1001 &1269828688851253427
PrefabInstance:
  m_ObjectHideFlags: 0
  serializedVersion: 2
  m_Modification:
    m_TransformParent: {fileID: 393203199571327144}
    m_Modifications:
    - target: {fileID: 6622215241669108539, guid: 7e15f5c03db49564d8f46b64ab8dae60, type: 3}
      propertyPath: m_text
      value: Speed
      objectReference: {fileID: 0}
    - target: {fileID: 6622215242428482830, guid: 7e15f5c03db49564d8f46b64ab8dae60, type: 3}
      propertyPath: m_Name
      value: "\u901F\u5EA6"
      objectReference: {fileID: 0}
    - target: {fileID: 6622215242428482831, guid: 7e15f5c03db49564d8f46b64ab8dae60, type: 3}
      propertyPath: m_RootOrder
      value: 0
      objectReference: {fileID: 0}
    - target: {fileID: 6622215242428482831, guid: 7e15f5c03db49564d8f46b64ab8dae60, type: 3}
      propertyPath: m_LocalScale.x
      value: 0.5
      objectReference: {fileID: 0}
    - target: {fileID: 6622215242428482831, guid: 7e15f5c03db49564d8f46b64ab8dae60, type: 3}
      propertyPath: m_LocalScale.y
      value: 0.5
      objectReference: {fileID: 0}
    - target: {fileID: 6622215242428482831, guid: 7e15f5c03db49564d8f46b64ab8dae60, type: 3}
      propertyPath: m_LocalPosition.x
      value: 0
      objectReference: {fileID: 0}
    - target: {fileID: 6622215242428482831, guid: 7e15f5c03db49564d8f46b64ab8dae60, type: 3}
      propertyPath: m_LocalPosition.y
      value: 1
      objectReference: {fileID: 0}
    - target: {fileID: 6622215242428482831, guid: 7e15f5c03db49564d8f46b64ab8dae60, type: 3}
      propertyPath: m_LocalPosition.z
      value: 0.75
      objectReference: {fileID: 0}
    - target: {fileID: 6622215242428482831, guid: 7e15f5c03db49564d8f46b64ab8dae60, type: 3}
      propertyPath: m_LocalRotation.w
      value: 1
      objectReference: {fileID: 0}
    - target: {fileID: 6622215242428482831, guid: 7e15f5c03db49564d8f46b64ab8dae60, type: 3}
      propertyPath: m_LocalRotation.x
      value: 0
      objectReference: {fileID: 0}
    - target: {fileID: 6622215242428482831, guid: 7e15f5c03db49564d8f46b64ab8dae60, type: 3}
      propertyPath: m_LocalRotation.y
      value: 0
      objectReference: {fileID: 0}
    - target: {fileID: 6622215242428482831, guid: 7e15f5c03db49564d8f46b64ab8dae60, type: 3}
      propertyPath: m_LocalRotation.z
      value: 0
      objectReference: {fileID: 0}
    - target: {fileID: 6622215242428482831, guid: 7e15f5c03db49564d8f46b64ab8dae60, type: 3}
      propertyPath: m_LocalEulerAnglesHint.x
      value: 0
      objectReference: {fileID: 0}
    - target: {fileID: 6622215242428482831, guid: 7e15f5c03db49564d8f46b64ab8dae60, type: 3}
      propertyPath: m_LocalEulerAnglesHint.y
      value: 0
      objectReference: {fileID: 0}
    - target: {fileID: 6622215242428482831, guid: 7e15f5c03db49564d8f46b64ab8dae60, type: 3}
      propertyPath: m_LocalEulerAnglesHint.z
      value: 0
      objectReference: {fileID: 0}
    m_RemovedComponents: []
  m_SourcePrefab: {fileID: 100100000, guid: 7e15f5c03db49564d8f46b64ab8dae60, type: 3}
--- !u!4 &5366465410758917564 stripped
Transform:
  m_CorrespondingSourceObject: {fileID: 6622215242428482831, guid: 7e15f5c03db49564d8f46b64ab8dae60, type: 3}
  m_PrefabInstance: {fileID: 1269828688851253427}
  m_PrefabAsset: {fileID: 0}
--- !u!114 &5366465411188087688 stripped
MonoBehaviour:
  m_CorrespondingSourceObject: {fileID: 6622215241669108539, guid: 7e15f5c03db49564d8f46b64ab8dae60, type: 3}
  m_PrefabInstance: {fileID: 1269828688851253427}
  m_PrefabAsset: {fileID: 0}
  m_GameObject: {fileID: 0}
  m_Enabled: 1
  m_EditorHideFlags: 0
  m_Script: {fileID: 11500000, guid: 9541d86e2fd84c1d9990edf0852d74ab, type: 3}
  m_Name: 
  m_EditorClassIdentifier: 
--- !u!1001 &2374831150040768267
PrefabInstance:
  m_ObjectHideFlags: 0
  serializedVersion: 2
  m_Modification:
    m_TransformParent: {fileID: 393203199571327144}
    m_Modifications:
    - target: {fileID: 6622215241669108539, guid: 7e15f5c03db49564d8f46b64ab8dae60, type: 3}
      propertyPath: m_text
      value: Hand Brake
      objectReference: {fileID: 0}
    - target: {fileID: 6622215242428482830, guid: 7e15f5c03db49564d8f46b64ab8dae60, type: 3}
      propertyPath: m_Name
      value: "\u30CF\u30F3\u30C9\u30D6\u30EC\u30FC\u30AD\u306E\u5F37\u3055"
      objectReference: {fileID: 0}
    - target: {fileID: 6622215242428482831, guid: 7e15f5c03db49564d8f46b64ab8dae60, type: 3}
      propertyPath: m_RootOrder
      value: 7
      objectReference: {fileID: 0}
    - target: {fileID: 6622215242428482831, guid: 7e15f5c03db49564d8f46b64ab8dae60, type: 3}
      propertyPath: m_LocalScale.x
      value: 0.5
      objectReference: {fileID: 0}
    - target: {fileID: 6622215242428482831, guid: 7e15f5c03db49564d8f46b64ab8dae60, type: 3}
      propertyPath: m_LocalScale.y
      value: 0.5
      objectReference: {fileID: 0}
    - target: {fileID: 6622215242428482831, guid: 7e15f5c03db49564d8f46b64ab8dae60, type: 3}
      propertyPath: m_LocalPosition.x
      value: 0.5
      objectReference: {fileID: 0}
    - target: {fileID: 6622215242428482831, guid: 7e15f5c03db49564d8f46b64ab8dae60, type: 3}
      propertyPath: m_LocalPosition.y
      value: 0.75
      objectReference: {fileID: 0}
    - target: {fileID: 6622215242428482831, guid: 7e15f5c03db49564d8f46b64ab8dae60, type: 3}
      propertyPath: m_LocalPosition.z
      value: 0.5
      objectReference: {fileID: 0}
    - target: {fileID: 6622215242428482831, guid: 7e15f5c03db49564d8f46b64ab8dae60, type: 3}
      propertyPath: m_LocalRotation.w
      value: 0.965926
      objectReference: {fileID: 0}
    - target: {fileID: 6622215242428482831, guid: 7e15f5c03db49564d8f46b64ab8dae60, type: 3}
      propertyPath: m_LocalRotation.x
      value: -0
      objectReference: {fileID: 0}
    - target: {fileID: 6622215242428482831, guid: 7e15f5c03db49564d8f46b64ab8dae60, type: 3}
      propertyPath: m_LocalRotation.y
      value: 0.2588186
      objectReference: {fileID: 0}
    - target: {fileID: 6622215242428482831, guid: 7e15f5c03db49564d8f46b64ab8dae60, type: 3}
      propertyPath: m_LocalRotation.z
      value: -0
      objectReference: {fileID: 0}
    - target: {fileID: 6622215242428482831, guid: 7e15f5c03db49564d8f46b64ab8dae60, type: 3}
      propertyPath: m_LocalEulerAnglesHint.x
      value: 0
      objectReference: {fileID: 0}
    - target: {fileID: 6622215242428482831, guid: 7e15f5c03db49564d8f46b64ab8dae60, type: 3}
      propertyPath: m_LocalEulerAnglesHint.y
      value: 30
      objectReference: {fileID: 0}
    - target: {fileID: 6622215242428482831, guid: 7e15f5c03db49564d8f46b64ab8dae60, type: 3}
      propertyPath: m_LocalEulerAnglesHint.z
      value: 0
      objectReference: {fileID: 0}
    m_RemovedComponents: []
  m_SourcePrefab: {fileID: 100100000, guid: 7e15f5c03db49564d8f46b64ab8dae60, type: 3}
--- !u!114 &8868658539521588272 stripped
MonoBehaviour:
  m_CorrespondingSourceObject: {fileID: 6622215241669108539, guid: 7e15f5c03db49564d8f46b64ab8dae60, type: 3}
  m_PrefabInstance: {fileID: 2374831150040768267}
  m_PrefabAsset: {fileID: 0}
  m_GameObject: {fileID: 0}
  m_Enabled: 1
  m_EditorHideFlags: 0
  m_Script: {fileID: 11500000, guid: 9541d86e2fd84c1d9990edf0852d74ab, type: 3}
  m_Name: 
  m_EditorClassIdentifier: 
--- !u!4 &8868658541034396164 stripped
Transform:
  m_CorrespondingSourceObject: {fileID: 6622215242428482831, guid: 7e15f5c03db49564d8f46b64ab8dae60, type: 3}
  m_PrefabInstance: {fileID: 2374831150040768267}
  m_PrefabAsset: {fileID: 0}
--- !u!1001 &3690339245365048491
PrefabInstance:
  m_ObjectHideFlags: 0
  serializedVersion: 2
  m_Modification:
    m_TransformParent: {fileID: 393203199571327144}
    m_Modifications:
    - target: {fileID: 6622215241669108539, guid: 7e15f5c03db49564d8f46b64ab8dae60, type: 3}
      propertyPath: m_text
      value: Acceleration
      objectReference: {fileID: 0}
    - target: {fileID: 6622215242428482830, guid: 7e15f5c03db49564d8f46b64ab8dae60, type: 3}
      propertyPath: m_Name
      value: "\u30A2\u30AF\u30BB\u30EB\u306E\u5F37\u3055"
      objectReference: {fileID: 0}
    - target: {fileID: 6622215242428482831, guid: 7e15f5c03db49564d8f46b64ab8dae60, type: 3}
      propertyPath: m_RootOrder
      value: 5
      objectReference: {fileID: 0}
    - target: {fileID: 6622215242428482831, guid: 7e15f5c03db49564d8f46b64ab8dae60, type: 3}
      propertyPath: m_LocalScale.x
      value: 0.5
      objectReference: {fileID: 0}
    - target: {fileID: 6622215242428482831, guid: 7e15f5c03db49564d8f46b64ab8dae60, type: 3}
      propertyPath: m_LocalScale.y
      value: 0.5
      objectReference: {fileID: 0}
    - target: {fileID: 6622215242428482831, guid: 7e15f5c03db49564d8f46b64ab8dae60, type: 3}
      propertyPath: m_LocalPosition.x
      value: 0.5
      objectReference: {fileID: 0}
    - target: {fileID: 6622215242428482831, guid: 7e15f5c03db49564d8f46b64ab8dae60, type: 3}
      propertyPath: m_LocalPosition.y
      value: 1
      objectReference: {fileID: 0}
    - target: {fileID: 6622215242428482831, guid: 7e15f5c03db49564d8f46b64ab8dae60, type: 3}
      propertyPath: m_LocalPosition.z
      value: 0.5
      objectReference: {fileID: 0}
    - target: {fileID: 6622215242428482831, guid: 7e15f5c03db49564d8f46b64ab8dae60, type: 3}
      propertyPath: m_LocalRotation.w
      value: 0.965926
      objectReference: {fileID: 0}
    - target: {fileID: 6622215242428482831, guid: 7e15f5c03db49564d8f46b64ab8dae60, type: 3}
      propertyPath: m_LocalRotation.x
      value: -0
      objectReference: {fileID: 0}
    - target: {fileID: 6622215242428482831, guid: 7e15f5c03db49564d8f46b64ab8dae60, type: 3}
      propertyPath: m_LocalRotation.y
      value: 0.2588186
      objectReference: {fileID: 0}
    - target: {fileID: 6622215242428482831, guid: 7e15f5c03db49564d8f46b64ab8dae60, type: 3}
      propertyPath: m_LocalRotation.z
      value: -0
      objectReference: {fileID: 0}
    - target: {fileID: 6622215242428482831, guid: 7e15f5c03db49564d8f46b64ab8dae60, type: 3}
      propertyPath: m_LocalEulerAnglesHint.x
      value: 0
      objectReference: {fileID: 0}
    - target: {fileID: 6622215242428482831, guid: 7e15f5c03db49564d8f46b64ab8dae60, type: 3}
      propertyPath: m_LocalEulerAnglesHint.y
      value: 30
      objectReference: {fileID: 0}
    - target: {fileID: 6622215242428482831, guid: 7e15f5c03db49564d8f46b64ab8dae60, type: 3}
      propertyPath: m_LocalEulerAnglesHint.z
      value: 0
      objectReference: {fileID: 0}
    m_RemovedComponents: []
  m_SourcePrefab: {fileID: 100100000, guid: 7e15f5c03db49564d8f46b64ab8dae60, type: 3}
--- !u!4 &7552644673044099492 stripped
Transform:
  m_CorrespondingSourceObject: {fileID: 6622215242428482831, guid: 7e15f5c03db49564d8f46b64ab8dae60, type: 3}
  m_PrefabInstance: {fileID: 3690339245365048491}
  m_PrefabAsset: {fileID: 0}
--- !u!114 &7552644674821281680 stripped
MonoBehaviour:
  m_CorrespondingSourceObject: {fileID: 6622215241669108539, guid: 7e15f5c03db49564d8f46b64ab8dae60, type: 3}
  m_PrefabInstance: {fileID: 3690339245365048491}
  m_PrefabAsset: {fileID: 0}
  m_GameObject: {fileID: 0}
  m_Enabled: 1
  m_EditorHideFlags: 0
  m_Script: {fileID: 11500000, guid: 9541d86e2fd84c1d9990edf0852d74ab, type: 3}
  m_Name: 
  m_EditorClassIdentifier: 
--- !u!1001 &4025725605393639482
PrefabInstance:
  m_ObjectHideFlags: 0
  serializedVersion: 2
  m_Modification:
    m_TransformParent: {fileID: 393203199571327144}
    m_Modifications:
    - target: {fileID: 6622215241669108539, guid: 7e15f5c03db49564d8f46b64ab8dae60, type: 3}
      propertyPath: m_text
      value: Brake Torque
      objectReference: {fileID: 0}
    - target: {fileID: 6622215242428482830, guid: 7e15f5c03db49564d8f46b64ab8dae60, type: 3}
      propertyPath: m_Name
      value: Brake Torque
      objectReference: {fileID: 0}
    - target: {fileID: 6622215242428482831, guid: 7e15f5c03db49564d8f46b64ab8dae60, type: 3}
      propertyPath: m_RootOrder
      value: 8
      objectReference: {fileID: 0}
    - target: {fileID: 6622215242428482831, guid: 7e15f5c03db49564d8f46b64ab8dae60, type: 3}
      propertyPath: m_LocalScale.x
      value: 0.5
      objectReference: {fileID: 0}
    - target: {fileID: 6622215242428482831, guid: 7e15f5c03db49564d8f46b64ab8dae60, type: 3}
      propertyPath: m_LocalScale.y
      value: 0.5
      objectReference: {fileID: 0}
    - target: {fileID: 6622215242428482831, guid: 7e15f5c03db49564d8f46b64ab8dae60, type: 3}
      propertyPath: m_LocalPosition.x
      value: 0.55
      objectReference: {fileID: 0}
    - target: {fileID: 6622215242428482831, guid: 7e15f5c03db49564d8f46b64ab8dae60, type: 3}
      propertyPath: m_LocalPosition.y
      value: 0.625
      objectReference: {fileID: 0}
    - target: {fileID: 6622215242428482831, guid: 7e15f5c03db49564d8f46b64ab8dae60, type: 3}
      propertyPath: m_LocalPosition.z
      value: 0.55
      objectReference: {fileID: 0}
    - target: {fileID: 6622215242428482831, guid: 7e15f5c03db49564d8f46b64ab8dae60, type: 3}
      propertyPath: m_LocalRotation.w
      value: 0.965926
      objectReference: {fileID: 0}
    - target: {fileID: 6622215242428482831, guid: 7e15f5c03db49564d8f46b64ab8dae60, type: 3}
      propertyPath: m_LocalRotation.x
      value: -0
      objectReference: {fileID: 0}
    - target: {fileID: 6622215242428482831, guid: 7e15f5c03db49564d8f46b64ab8dae60, type: 3}
      propertyPath: m_LocalRotation.y
      value: 0.2588186
      objectReference: {fileID: 0}
    - target: {fileID: 6622215242428482831, guid: 7e15f5c03db49564d8f46b64ab8dae60, type: 3}
      propertyPath: m_LocalRotation.z
      value: -0
      objectReference: {fileID: 0}
    - target: {fileID: 6622215242428482831, guid: 7e15f5c03db49564d8f46b64ab8dae60, type: 3}
      propertyPath: m_LocalEulerAnglesHint.x
      value: 0
      objectReference: {fileID: 0}
    - target: {fileID: 6622215242428482831, guid: 7e15f5c03db49564d8f46b64ab8dae60, type: 3}
      propertyPath: m_LocalEulerAnglesHint.y
      value: 30
      objectReference: {fileID: 0}
    - target: {fileID: 6622215242428482831, guid: 7e15f5c03db49564d8f46b64ab8dae60, type: 3}
      propertyPath: m_LocalEulerAnglesHint.z
      value: 0
      objectReference: {fileID: 0}
    m_RemovedComponents: []
  m_SourcePrefab: {fileID: 100100000, guid: 7e15f5c03db49564d8f46b64ab8dae60, type: 3}
--- !u!4 &7798147366653930805 stripped
Transform:
  m_CorrespondingSourceObject: {fileID: 6622215242428482831, guid: 7e15f5c03db49564d8f46b64ab8dae60, type: 3}
  m_PrefabInstance: {fileID: 4025725605393639482}
  m_PrefabAsset: {fileID: 0}
--- !u!114 &7798147366954191617 stripped
MonoBehaviour:
  m_CorrespondingSourceObject: {fileID: 6622215241669108539, guid: 7e15f5c03db49564d8f46b64ab8dae60, type: 3}
  m_PrefabInstance: {fileID: 4025725605393639482}
  m_PrefabAsset: {fileID: 0}
  m_GameObject: {fileID: 0}
  m_Enabled: 1
  m_EditorHideFlags: 0
  m_Script: {fileID: 11500000, guid: 9541d86e2fd84c1d9990edf0852d74ab, type: 3}
  m_Name: 
  m_EditorClassIdentifier: 
--- !u!1001 &5306662182067679600
PrefabInstance:
  m_ObjectHideFlags: 0
  serializedVersion: 2
  m_Modification:
    m_TransformParent: {fileID: 393203199571327144}
    m_Modifications:
    - target: {fileID: 6622215241669108539, guid: 7e15f5c03db49564d8f46b64ab8dae60, type: 3}
      propertyPath: m_text
      value: Centering
      objectReference: {fileID: 0}
    - target: {fileID: 6622215242428482830, guid: 7e15f5c03db49564d8f46b64ab8dae60, type: 3}
      propertyPath: m_Name
      value: "\u4F53\u306E\u50BE\u304D\u306E\u5F37\u3055"
      objectReference: {fileID: 0}
    - target: {fileID: 6622215242428482831, guid: 7e15f5c03db49564d8f46b64ab8dae60, type: 3}
      propertyPath: m_RootOrder
      value: 1
      objectReference: {fileID: 0}
    - target: {fileID: 6622215242428482831, guid: 7e15f5c03db49564d8f46b64ab8dae60, type: 3}
      propertyPath: m_LocalScale.x
      value: 0.5
      objectReference: {fileID: 0}
    - target: {fileID: 6622215242428482831, guid: 7e15f5c03db49564d8f46b64ab8dae60, type: 3}
      propertyPath: m_LocalScale.y
      value: 0.5
      objectReference: {fileID: 0}
    - target: {fileID: 6622215242428482831, guid: 7e15f5c03db49564d8f46b64ab8dae60, type: 3}
      propertyPath: m_LocalPosition.x
      value: 0
      objectReference: {fileID: 0}
    - target: {fileID: 6622215242428482831, guid: 7e15f5c03db49564d8f46b64ab8dae60, type: 3}
      propertyPath: m_LocalPosition.y
      value: 0.75
      objectReference: {fileID: 0}
    - target: {fileID: 6622215242428482831, guid: 7e15f5c03db49564d8f46b64ab8dae60, type: 3}
      propertyPath: m_LocalPosition.z
      value: 0.75
      objectReference: {fileID: 0}
    - target: {fileID: 6622215242428482831, guid: 7e15f5c03db49564d8f46b64ab8dae60, type: 3}
      propertyPath: m_LocalRotation.w
      value: 1
      objectReference: {fileID: 0}
    - target: {fileID: 6622215242428482831, guid: 7e15f5c03db49564d8f46b64ab8dae60, type: 3}
      propertyPath: m_LocalRotation.x
      value: 0
      objectReference: {fileID: 0}
    - target: {fileID: 6622215242428482831, guid: 7e15f5c03db49564d8f46b64ab8dae60, type: 3}
      propertyPath: m_LocalRotation.y
      value: 0
      objectReference: {fileID: 0}
    - target: {fileID: 6622215242428482831, guid: 7e15f5c03db49564d8f46b64ab8dae60, type: 3}
      propertyPath: m_LocalRotation.z
      value: 0
      objectReference: {fileID: 0}
    - target: {fileID: 6622215242428482831, guid: 7e15f5c03db49564d8f46b64ab8dae60, type: 3}
      propertyPath: m_LocalEulerAnglesHint.x
      value: 0
      objectReference: {fileID: 0}
    - target: {fileID: 6622215242428482831, guid: 7e15f5c03db49564d8f46b64ab8dae60, type: 3}
      propertyPath: m_LocalEulerAnglesHint.y
      value: 0
      objectReference: {fileID: 0}
    - target: {fileID: 6622215242428482831, guid: 7e15f5c03db49564d8f46b64ab8dae60, type: 3}
      propertyPath: m_LocalEulerAnglesHint.z
      value: 0
      objectReference: {fileID: 0}
    m_RemovedComponents: []
  m_SourcePrefab: {fileID: 100100000, guid: 7e15f5c03db49564d8f46b64ab8dae60, type: 3}
--- !u!114 &1316133623219999307 stripped
MonoBehaviour:
  m_CorrespondingSourceObject: {fileID: 6622215241669108539, guid: 7e15f5c03db49564d8f46b64ab8dae60, type: 3}
  m_PrefabInstance: {fileID: 5306662182067679600}
  m_PrefabAsset: {fileID: 0}
  m_GameObject: {fileID: 0}
  m_Enabled: 1
  m_EditorHideFlags: 0
  m_Script: {fileID: 11500000, guid: 9541d86e2fd84c1d9990edf0852d74ab, type: 3}
  m_Name: 
  m_EditorClassIdentifier: 
--- !u!4 &1316133623975654527 stripped
Transform:
  m_CorrespondingSourceObject: {fileID: 6622215242428482831, guid: 7e15f5c03db49564d8f46b64ab8dae60, type: 3}
  m_PrefabInstance: {fileID: 5306662182067679600}
  m_PrefabAsset: {fileID: 0}
--- !u!1001 &7462995910530153259
PrefabInstance:
  m_ObjectHideFlags: 0
  serializedVersion: 2
  m_Modification:
    m_TransformParent: {fileID: 393203199571327144}
    m_Modifications:
    - target: {fileID: 6622215241669108539, guid: 7e15f5c03db49564d8f46b64ab8dae60, type: 3}
      propertyPath: m_text
      value: Motor Torque
      objectReference: {fileID: 0}
    - target: {fileID: 6622215242428482830, guid: 7e15f5c03db49564d8f46b64ab8dae60, type: 3}
      propertyPath: m_Name
      value: Motor Toque
      objectReference: {fileID: 0}
    - target: {fileID: 6622215242428482831, guid: 7e15f5c03db49564d8f46b64ab8dae60, type: 3}
      propertyPath: m_RootOrder
      value: 6
      objectReference: {fileID: 0}
    - target: {fileID: 6622215242428482831, guid: 7e15f5c03db49564d8f46b64ab8dae60, type: 3}
      propertyPath: m_LocalScale.x
      value: 0.5
      objectReference: {fileID: 0}
    - target: {fileID: 6622215242428482831, guid: 7e15f5c03db49564d8f46b64ab8dae60, type: 3}
      propertyPath: m_LocalScale.y
      value: 0.5
      objectReference: {fileID: 0}
    - target: {fileID: 6622215242428482831, guid: 7e15f5c03db49564d8f46b64ab8dae60, type: 3}
      propertyPath: m_LocalPosition.x
      value: 0.55
      objectReference: {fileID: 0}
    - target: {fileID: 6622215242428482831, guid: 7e15f5c03db49564d8f46b64ab8dae60, type: 3}
      propertyPath: m_LocalPosition.y
      value: 0.875
      objectReference: {fileID: 0}
    - target: {fileID: 6622215242428482831, guid: 7e15f5c03db49564d8f46b64ab8dae60, type: 3}
      propertyPath: m_LocalPosition.z
      value: 0.55
      objectReference: {fileID: 0}
    - target: {fileID: 6622215242428482831, guid: 7e15f5c03db49564d8f46b64ab8dae60, type: 3}
      propertyPath: m_LocalRotation.w
      value: 0.965926
      objectReference: {fileID: 0}
    - target: {fileID: 6622215242428482831, guid: 7e15f5c03db49564d8f46b64ab8dae60, type: 3}
      propertyPath: m_LocalRotation.x
      value: -0
      objectReference: {fileID: 0}
    - target: {fileID: 6622215242428482831, guid: 7e15f5c03db49564d8f46b64ab8dae60, type: 3}
      propertyPath: m_LocalRotation.y
      value: 0.2588186
      objectReference: {fileID: 0}
    - target: {fileID: 6622215242428482831, guid: 7e15f5c03db49564d8f46b64ab8dae60, type: 3}
      propertyPath: m_LocalRotation.z
      value: -0
      objectReference: {fileID: 0}
    - target: {fileID: 6622215242428482831, guid: 7e15f5c03db49564d8f46b64ab8dae60, type: 3}
      propertyPath: m_LocalEulerAnglesHint.x
      value: 0
      objectReference: {fileID: 0}
    - target: {fileID: 6622215242428482831, guid: 7e15f5c03db49564d8f46b64ab8dae60, type: 3}
      propertyPath: m_LocalEulerAnglesHint.y
      value: 30
      objectReference: {fileID: 0}
    - target: {fileID: 6622215242428482831, guid: 7e15f5c03db49564d8f46b64ab8dae60, type: 3}
      propertyPath: m_LocalEulerAnglesHint.z
      value: 0
      objectReference: {fileID: 0}
    m_RemovedComponents: []
  m_SourcePrefab: {fileID: 100100000, guid: 7e15f5c03db49564d8f46b64ab8dae60, type: 3}
--- !u!4 &4357011157152120356 stripped
Transform:
  m_CorrespondingSourceObject: {fileID: 6622215242428482831, guid: 7e15f5c03db49564d8f46b64ab8dae60, type: 3}
  m_PrefabInstance: {fileID: 7462995910530153259}
  m_PrefabAsset: {fileID: 0}
--- !u!114 &4357011157925156880 stripped
MonoBehaviour:
  m_CorrespondingSourceObject: {fileID: 6622215241669108539, guid: 7e15f5c03db49564d8f46b64ab8dae60, type: 3}
  m_PrefabInstance: {fileID: 7462995910530153259}
  m_PrefabAsset: {fileID: 0}
  m_GameObject: {fileID: 0}
  m_Enabled: 1
  m_EditorHideFlags: 0
  m_Script: {fileID: 11500000, guid: 9541d86e2fd84c1d9990edf0852d74ab, type: 3}
  m_Name: 
  m_EditorClassIdentifier: 
--- !u!1001 &8050087510212165937
PrefabInstance:
  m_ObjectHideFlags: 0
  serializedVersion: 2
  m_Modification:
    m_TransformParent: {fileID: 393203199571327144}
    m_Modifications:
    - target: {fileID: 6622215241669108539, guid: 7e15f5c03db49564d8f46b64ab8dae60, type: 3}
      propertyPath: m_text
      value: Clutch
      objectReference: {fileID: 0}
    - target: {fileID: 6622215242428482830, guid: 7e15f5c03db49564d8f46b64ab8dae60, type: 3}
      propertyPath: m_Name
      value: "\u30AF\u30E9\u30C3\u30C1\u306E\u5F37\u3055"
      objectReference: {fileID: 0}
    - target: {fileID: 6622215242428482831, guid: 7e15f5c03db49564d8f46b64ab8dae60, type: 3}
      propertyPath: m_RootOrder
      value: 4
      objectReference: {fileID: 0}
    - target: {fileID: 6622215242428482831, guid: 7e15f5c03db49564d8f46b64ab8dae60, type: 3}
      propertyPath: m_LocalScale.x
      value: 0.5
      objectReference: {fileID: 0}
    - target: {fileID: 6622215242428482831, guid: 7e15f5c03db49564d8f46b64ab8dae60, type: 3}
      propertyPath: m_LocalScale.y
      value: 0.5
      objectReference: {fileID: 0}
    - target: {fileID: 6622215242428482831, guid: 7e15f5c03db49564d8f46b64ab8dae60, type: 3}
      propertyPath: m_LocalPosition.x
      value: -0.5
      objectReference: {fileID: 0}
    - target: {fileID: 6622215242428482831, guid: 7e15f5c03db49564d8f46b64ab8dae60, type: 3}
      propertyPath: m_LocalPosition.y
      value: 0.75
      objectReference: {fileID: 0}
    - target: {fileID: 6622215242428482831, guid: 7e15f5c03db49564d8f46b64ab8dae60, type: 3}
      propertyPath: m_LocalPosition.z
      value: 0.5
      objectReference: {fileID: 0}
    - target: {fileID: 6622215242428482831, guid: 7e15f5c03db49564d8f46b64ab8dae60, type: 3}
      propertyPath: m_LocalRotation.w
      value: 0.9659259
      objectReference: {fileID: 0}
    - target: {fileID: 6622215242428482831, guid: 7e15f5c03db49564d8f46b64ab8dae60, type: 3}
      propertyPath: m_LocalRotation.x
      value: 0
      objectReference: {fileID: 0}
    - target: {fileID: 6622215242428482831, guid: 7e15f5c03db49564d8f46b64ab8dae60, type: 3}
      propertyPath: m_LocalRotation.y
      value: -0.258819
      objectReference: {fileID: 0}
    - target: {fileID: 6622215242428482831, guid: 7e15f5c03db49564d8f46b64ab8dae60, type: 3}
      propertyPath: m_LocalRotation.z
      value: 0
      objectReference: {fileID: 0}
    - target: {fileID: 6622215242428482831, guid: 7e15f5c03db49564d8f46b64ab8dae60, type: 3}
      propertyPath: m_LocalEulerAnglesHint.x
      value: 0
      objectReference: {fileID: 0}
    - target: {fileID: 6622215242428482831, guid: 7e15f5c03db49564d8f46b64ab8dae60, type: 3}
      propertyPath: m_LocalEulerAnglesHint.y
      value: -30
      objectReference: {fileID: 0}
    - target: {fileID: 6622215242428482831, guid: 7e15f5c03db49564d8f46b64ab8dae60, type: 3}
      propertyPath: m_LocalEulerAnglesHint.z
      value: 0
      objectReference: {fileID: 0}
    m_RemovedComponents: []
  m_SourcePrefab: {fileID: 100100000, guid: 7e15f5c03db49564d8f46b64ab8dae60, type: 3}
--- !u!4 &3769920107751523390 stripped
Transform:
  m_CorrespondingSourceObject: {fileID: 6622215242428482831, guid: 7e15f5c03db49564d8f46b64ab8dae60, type: 3}
  m_PrefabInstance: {fileID: 8050087510212165937}
  m_PrefabAsset: {fileID: 0}
--- !u!114 &3769920108334162442 stripped
MonoBehaviour:
  m_CorrespondingSourceObject: {fileID: 6622215241669108539, guid: 7e15f5c03db49564d8f46b64ab8dae60, type: 3}
  m_PrefabInstance: {fileID: 8050087510212165937}
  m_PrefabAsset: {fileID: 0}
  m_GameObject: {fileID: 0}
  m_Enabled: 1
  m_EditorHideFlags: 0
  m_Script: {fileID: 11500000, guid: 9541d86e2fd84c1d9990edf0852d74ab, type: 3}
  m_Name: 
  m_EditorClassIdentifier: 
--- !u!1001 &8456723469060439584
PrefabInstance:
  m_ObjectHideFlags: 0
  serializedVersion: 2
  m_Modification:
    m_TransformParent: {fileID: 393203199571327144}
    m_Modifications:
    - target: {fileID: 6622215241669108539, guid: 7e15f5c03db49564d8f46b64ab8dae60, type: 3}
      propertyPath: m_text
      value: Steer Angle
      objectReference: {fileID: 0}
    - target: {fileID: 6622215242428482830, guid: 7e15f5c03db49564d8f46b64ab8dae60, type: 3}
      propertyPath: m_Name
      value: "\u30B9\u30C6\u30A2\u30EA\u30F3\u30B0\u306E\u89D2\u5EA6"
      objectReference: {fileID: 0}
    - target: {fileID: 6622215242428482831, guid: 7e15f5c03db49564d8f46b64ab8dae60, type: 3}
      propertyPath: m_RootOrder
      value: 2
      objectReference: {fileID: 0}
    - target: {fileID: 6622215242428482831, guid: 7e15f5c03db49564d8f46b64ab8dae60, type: 3}
      propertyPath: m_LocalScale.x
      value: 0.5
      objectReference: {fileID: 0}
    - target: {fileID: 6622215242428482831, guid: 7e15f5c03db49564d8f46b64ab8dae60, type: 3}
      propertyPath: m_LocalScale.y
      value: 0.5
      objectReference: {fileID: 0}
    - target: {fileID: 6622215242428482831, guid: 7e15f5c03db49564d8f46b64ab8dae60, type: 3}
      propertyPath: m_LocalPosition.x
      value: 0
      objectReference: {fileID: 0}
    - target: {fileID: 6622215242428482831, guid: 7e15f5c03db49564d8f46b64ab8dae60, type: 3}
      propertyPath: m_LocalPosition.y
      value: 0.625
      objectReference: {fileID: 0}
    - target: {fileID: 6622215242428482831, guid: 7e15f5c03db49564d8f46b64ab8dae60, type: 3}
      propertyPath: m_LocalPosition.z
      value: 0.8
      objectReference: {fileID: 0}
    - target: {fileID: 6622215242428482831, guid: 7e15f5c03db49564d8f46b64ab8dae60, type: 3}
      propertyPath: m_LocalRotation.w
      value: 1
      objectReference: {fileID: 0}
    - target: {fileID: 6622215242428482831, guid: 7e15f5c03db49564d8f46b64ab8dae60, type: 3}
      propertyPath: m_LocalRotation.x
      value: 0
      objectReference: {fileID: 0}
    - target: {fileID: 6622215242428482831, guid: 7e15f5c03db49564d8f46b64ab8dae60, type: 3}
      propertyPath: m_LocalRotation.y
      value: 0
      objectReference: {fileID: 0}
    - target: {fileID: 6622215242428482831, guid: 7e15f5c03db49564d8f46b64ab8dae60, type: 3}
      propertyPath: m_LocalRotation.z
      value: 0
      objectReference: {fileID: 0}
    - target: {fileID: 6622215242428482831, guid: 7e15f5c03db49564d8f46b64ab8dae60, type: 3}
      propertyPath: m_LocalEulerAnglesHint.x
      value: 0
      objectReference: {fileID: 0}
    - target: {fileID: 6622215242428482831, guid: 7e15f5c03db49564d8f46b64ab8dae60, type: 3}
      propertyPath: m_LocalEulerAnglesHint.y
      value: 0
      objectReference: {fileID: 0}
    - target: {fileID: 6622215242428482831, guid: 7e15f5c03db49564d8f46b64ab8dae60, type: 3}
      propertyPath: m_LocalEulerAnglesHint.z
      value: 0
      objectReference: {fileID: 0}
    m_RemovedComponents: []
  m_SourcePrefab: {fileID: 100100000, guid: 7e15f5c03db49564d8f46b64ab8dae60, type: 3}
--- !u!114 &3367149483955789083 stripped
MonoBehaviour:
  m_CorrespondingSourceObject: {fileID: 6622215241669108539, guid: 7e15f5c03db49564d8f46b64ab8dae60, type: 3}
  m_PrefabInstance: {fileID: 8456723469060439584}
  m_PrefabAsset: {fileID: 0}
  m_GameObject: {fileID: 0}
  m_Enabled: 1
  m_EditorHideFlags: 0
  m_Script: {fileID: 11500000, guid: 9541d86e2fd84c1d9990edf0852d74ab, type: 3}
  m_Name: 
  m_EditorClassIdentifier: 
--- !u!4 &3367149484716784431 stripped
Transform:
  m_CorrespondingSourceObject: {fileID: 6622215242428482831, guid: 7e15f5c03db49564d8f46b64ab8dae60, type: 3}
  m_PrefabInstance: {fileID: 8456723469060439584}
  m_PrefabAsset: {fileID: 0}
--- !u!1001 &8792107192379291709
PrefabInstance:
  m_ObjectHideFlags: 0
  serializedVersion: 2
  m_Modification:
    m_TransformParent: {fileID: 393203199571327144}
    m_Modifications:
    - target: {fileID: 6622215241669108539, guid: 7e15f5c03db49564d8f46b64ab8dae60, type: 3}
      propertyPath: m_text
      value: 
      objectReference: {fileID: 0}
    - target: {fileID: 6622215242428482830, guid: 7e15f5c03db49564d8f46b64ab8dae60, type: 3}
      propertyPath: m_Name
      value: _
      objectReference: {fileID: 0}
    - target: {fileID: 6622215242428482831, guid: 7e15f5c03db49564d8f46b64ab8dae60, type: 3}
      propertyPath: m_RootOrder
      value: 3
      objectReference: {fileID: 0}
    - target: {fileID: 6622215242428482831, guid: 7e15f5c03db49564d8f46b64ab8dae60, type: 3}
      propertyPath: m_LocalScale.x
      value: 0.5
      objectReference: {fileID: 0}
    - target: {fileID: 6622215242428482831, guid: 7e15f5c03db49564d8f46b64ab8dae60, type: 3}
      propertyPath: m_LocalScale.y
      value: 0.5
      objectReference: {fileID: 0}
    - target: {fileID: 6622215242428482831, guid: 7e15f5c03db49564d8f46b64ab8dae60, type: 3}
      propertyPath: m_LocalPosition.x
      value: -0.5
      objectReference: {fileID: 0}
    - target: {fileID: 6622215242428482831, guid: 7e15f5c03db49564d8f46b64ab8dae60, type: 3}
      propertyPath: m_LocalPosition.y
      value: 1
      objectReference: {fileID: 0}
    - target: {fileID: 6622215242428482831, guid: 7e15f5c03db49564d8f46b64ab8dae60, type: 3}
      propertyPath: m_LocalPosition.z
      value: 0.5
      objectReference: {fileID: 0}
    - target: {fileID: 6622215242428482831, guid: 7e15f5c03db49564d8f46b64ab8dae60, type: 3}
      propertyPath: m_LocalRotation.w
      value: 0.9659259
      objectReference: {fileID: 0}
    - target: {fileID: 6622215242428482831, guid: 7e15f5c03db49564d8f46b64ab8dae60, type: 3}
      propertyPath: m_LocalRotation.x
      value: 0
      objectReference: {fileID: 0}
    - target: {fileID: 6622215242428482831, guid: 7e15f5c03db49564d8f46b64ab8dae60, type: 3}
      propertyPath: m_LocalRotation.y
      value: -0.258819
      objectReference: {fileID: 0}
    - target: {fileID: 6622215242428482831, guid: 7e15f5c03db49564d8f46b64ab8dae60, type: 3}
      propertyPath: m_LocalRotation.z
      value: 0
      objectReference: {fileID: 0}
    - target: {fileID: 6622215242428482831, guid: 7e15f5c03db49564d8f46b64ab8dae60, type: 3}
      propertyPath: m_LocalEulerAnglesHint.x
      value: 0
      objectReference: {fileID: 0}
    - target: {fileID: 6622215242428482831, guid: 7e15f5c03db49564d8f46b64ab8dae60, type: 3}
      propertyPath: m_LocalEulerAnglesHint.y
      value: -30
      objectReference: {fileID: 0}
    - target: {fileID: 6622215242428482831, guid: 7e15f5c03db49564d8f46b64ab8dae60, type: 3}
      propertyPath: m_LocalEulerAnglesHint.z
      value: 0
      objectReference: {fileID: 0}
    m_RemovedComponents: []
  m_SourcePrefab: {fileID: 100100000, guid: 7e15f5c03db49564d8f46b64ab8dae60, type: 3}
--- !u!4 &2442361971627801906 stripped
Transform:
  m_CorrespondingSourceObject: {fileID: 6622215242428482831, guid: 7e15f5c03db49564d8f46b64ab8dae60, type: 3}
  m_PrefabInstance: {fileID: 8792107192379291709}
  m_PrefabAsset: {fileID: 0}
